AoeStats
← emmasancp

Arena

510463627Analyzed
1v1 RM · 16h ago on Oct 1, 2026· 35m 53s· 2 players
Game mode
Random Map
Map size
Tiny (2 player)
Population
200
Speed
Normal
Resources
Standard
Victory
Conquest
Starting age
Dark Age
Ending age
Imperial Age
RankedLock teamsTeams togetherTeam positionsShared explorationLock speedFull tech treeHidden civsTurbo modeCheats
Victory
Defeat
🇺🇸 Hindustanis · United States
745
+18
🇲🇽 Maya · Mexico
797
-18
Wildanlor
10:08 Feudal Age
15:14 Castle Age
13:53 Double-Bit Axe
14:18 Gold Mining
15:02 Stone Mining
16:32 Stone Shaft Mining
17:00 Bow Saw
19:56 Horse Collar
24:27 Sanctity
25:34 Scale Mail Armor
26:40 Grand Trunk Road
26:47 Grand Trunk Road
27:45 Chain Mail Armor
27:41 Forging
29:57 Wheelbarrow
30:11 Ballistics
35:43 Imperial Age
34:17 Iron Casting
35:16 Hand Cart
34:46 Town Watch
34:47 Loom
34:55 Fletching
35:06 Padded Archer Armor
emmasancp
0:27 Loom
14:38 Feudal Age
16:42 Double-Bit Axe
16:48 Stone Mining
16:52 Gold Mining
19:13 Castle Age
18:35 Horse Collar
27:29 Ballistics
27:44 Fletching
29:34 Hul'che Javelineers
30:20 Bodkin Arrow
34:08 Murder Holes
37:20 Imperial Age
Connection lost

Rejoining the realm…

Still unreachable

The connection could not be restored.

Session expired

The server has moved on; the page needs a fresh start.